 Dungeon Crawl Stone Soup version 0.21-a0-283-g622b906 (webtiles) character file.

65 Gruud the Chopper (level 3, -1/27 HPs)
             Began as a Demonspawn Gladiator on Sept 24, 2017.
             Slain by a hobgoblin
             ... wielding a +0 club
              (4 damage)
             ... on level 2 of the Dungeon.
             The game lasted 00:03:03 (1603 turns).

Gruud the Chopper (Demonspawn Gladiator)            Turns: 1603, Time: 00:03:04

Health: -1/27      AC:  1    Str: 15    XL:     3   Next: 94%
Magic:  3/3        EV: 12    Int:  9    God:
Gold:   60         SH:  0    Dex: 14    Spells: 2/2 levels left

rFire    . . .     SeeInvis .   a - +0 war axe
rCold    + . .     Gourm    .   (no shield)
rNeg     . . .     Faith    .   b - +1 leather armour
rPois    .         Spirit   .   (helmet restricted)
rElec    .         Reflect  .   (no cloak)
rCorr    .         Harm     .   (no gloves)
MR       .....                  (no boots)
Stlth    +.........             (no amulet)
HPRegen  0.09/turn              j - ring of protection from cold
MPRegen  0.08/turn              o - -3 ring of protection (curse)

@: no status effects
A: horns 1
a: no special abilities


You were on level 2 of the Dungeon.
You were not hungry.

You visited 1 branch of the dungeon, and saw 3 of its levels.

You collected 60 gold pieces.

Inventory:

Hand Weapons
 a - a +0 war axe (weapon)
Missiles
 d - 3 throwing nets (quivered)
 m - 15 sling bullets
 n - 2 needles of confusion
Armour
 b - a +1 leather armour (worn)
 c - a +0 helmet
Jewellery
 j - a ring of protection from cold (left hand)
 o - a cursed -3 ring of protection (right hand)
Scrolls
 g - 2 scrolls of identify
 i - 2 scrolls of teleportation
Potions
 h - a potion of lignification
Comestibles
 f - a bread ration
 k - a chunk of flesh
 l - a royal jelly


   Skills:
 - Level 2.0 Fighting
 * Level 4.4 Axes
 - Level 1.7 Throwing
 - Level 2.6 Dodging


You had 2 spell levels left.
You didn't know any spells.

Dungeon Overview and Level Annotations

Branches:
Dungeon (3/15)

Altars:
Gozag


Innate Abilities, Weirdness & Mutations

You have a pair of small horns on your head.


Message History

The orc shouts!
You hear a shout!
The goblin hits you but does no damage. The hobgoblin barely misses you.
You climb upwards.
There is a stone staircase leading down here.
You barely miss the goblin. You closely miss the hobgoblin.
The goblin completely misses you. The hobgoblin misses you.
You closely miss the hobgoblin.
The hobgoblin is severely wounded.
You closely miss the goblin. The goblin hits you.
* * * LOW HITPOINT WARNING * * *
The hobgoblin hits you but does no damage.
The goblin barely misses you.
Some of the chunks of flesh in your inventory have rotted away.
Okay, then.
Okay, then.
The hobgoblin closely misses you.
You closely miss the hobgoblin.
The hobgoblin is severely wounded.
The hobgoblin hits you with a club.
You die...

# #....##.# # #.....#.#
####### # #...#.#.#
#.....#
#...#.#.###.....#
#...#†#.#.......#
#####...#.......#
##..#.(.....#
#..#...#################
##>...gg@..............#
#####################.#
#.# #.# #.# #.# #.# #.#
#.#


You could see a hobgoblin and a goblin.

Vanquished Creatures
  2 adders (D:2)
  A worm (D:2)
  2 dart slugs
  4 leopard geckos
  6 bats
  5 giant cockroaches
  2 hobgoblins
  2 jackals (D:1)
  A kobold (D:2)
  3 quokkas
  A frilled lizard (D:2)
  5 goblins
34 creatures vanquished.

Notes
Turn   | Place    | Note
-------+----------+-------------------------------------------
     0 | D:1      | Gruud the Demonspawn Gladiator began the quest for the Orb.
     0 | D:1      | Reached XP level 1. HP: 16/16 MP: 1/1
    40 | D:1      | Reached skill level 3 in Axes
   128 | D:1      | Gained mutation: You have a pair of small horns on your head. [demonic ancestry]
   128 | D:1      | Reached XP level 2. HP: 17/22 MP: 2/2
   923 | D:2      | Reached XP level 3. HP: 27/27 MP: 3/3
   955 | D:2      | Found an opulent altar of Gozag.
  1059 | D:2      | Reached skill level 4 in Axes
  1603 | D:2      | Slain by a hobgoblin

Vault maps used:
D:1:      shiori_shiawase, minmay_misc_feat_x
D:2:      nicolae_overflow_crystal_walls
D:3:      cheibrodos_sewer_entry_sluice, first_bread,
          chequers_ecumenical_altar_simple

Skill      XL: |  1  2  3 |
---------------+----------+-----
Axes           | 3 4 |  4.4
Fighting       | |  2.0
Throwing       | |  1.7
Dodging        | |  2.6

Action                   || total
-------------------------++-------
Melee: War axe           ||    88
       Headbutt          ||     9
  Use: Scroll            ||     5
 Stab: Sleeping          ||     1
  Eat: Chunk             ||     2
Armor: Leather armour    ||    23
Dodge: Dodged            ||    81

Table legend:
 A = Spawn XP
 B = Non-spawn XP
 C = Spawn XP percentage of total XP
 D = Spawn monster count
 E = Non-spawn monster count
 F = Spawn count percentage of total count
 G = Total turns spent on level
                    A         B        C        D         E        F      G
               +---------+---------+-------+---------+---------+-------+---------
         Total |       0 |      94 |   0.0 |       0 |      34 |   0.0 |  1603
               +---------+---------+-------+---------+---------+-------+---------
           D:1 |       0 |      28 |   0.0 |       0 |      14 |   0.0 |   912
           D:2 |       0 |      60 |   0.0 |       0 |      18 |   0.0 |   681
           D:3 |       0 |       6 |   0.0 |       0 |       2 |   0.0 |    10
               +---------+---------+-------+---------+---------+-------+---------
